 Dungeon Crawl Stone Soup version 0.20-a0-556-g892c87b (webtiles) character file.

1085 krabocopter the Covert (level 8, -1/46 HPs)
             Began as an Octopode Conjurer on Feb 7, 2017.
             Was a Follower of Uskayaw.
             Slain by a killer bee (4 damage)
             ... on level 7 of the Dungeon.
             The game lasted 00:38:40 (5791 turns).

krabocopter the Covert (Octopode Conjurer)          Turns: 5791, Time: 00:38:41

Health: -1/46      AC:  1    Str:  7    XL:     8   Next: 30%
Magic:  8/14       EV: 17    Int: 19    God:    Uskayaw [*.....]
Gold:   262        SH:  0    Dex: 13    Spells: 7/15 levels left

rFire    . . .     SeeInvis .   J - +0 shortbow
rCold    . . .     Gourm    .   (shield currently unavailable)
rNeg     . . .     Faith    .   (helmet restricted)
rPois    .         Spirit   .   (no amulet)
rElec    .         Reflect  .   j - +4 ring of evasion
rCorr    .         Harm     .   (no ring)
MR       .....                  (no ring)
Stlth    +++++.....             (no ring)
Regen    0.2/turn               (no ring)
                                (no ring)
                                (no ring)
                                (no ring)

@: very slightly contaminated, hasted, very quick
A: almost no armour, stealthy swim, amphibious, 8 rings, constrict 8, camouflage
1, gelatinous body 1
a: Stomp, Renounce Religion


You were on level 7 of the Dungeon.
You worshipped Uskayaw.
Uskayaw was noncommittal.
You were not hungry.

You visited 1 branch of the dungeon, and saw 7 of its levels.

You collected 262 gold pieces.

Inventory:

Hand Weapons
 x - a +6 club
 y - a +0 dagger of venom
 z - a +0 dagger of freezing
 A - a +0 dagger of speed
 J - a +0 shortbow (weapon)
Missiles
 i - 133 stones
 p - 3 exploding tomahawks
 K - 32 arrows (quivered)
Jewellery
 j - a +4 ring of evasion (left tentacle)
Wands
 H - a wand of iceblast (3/15)
Scrolls
 c - 3 scrolls of fear
 e - 4 scrolls of remove curse
 f - 3 scrolls of identify
 h - a scroll of noise {unknown}
 k - 2 scrolls of recharging {unknown}
 t - a scroll of amnesia
 v - a scroll of enchant armour {unknown}
 B - a scroll of fog
 C - a scroll of magic mapping {unknown}
 F - a scroll of teleportation
 I - a scroll of immolation {unknown}
Potions
 d - a potion of curing
 g - a potion of cancellation
 o - a potion of heal wounds {unknown}
 q - a potion of lignification {unknown}
 r - a potion of cure mutation {unknown}
 s - a potion of agility {unknown}
 u - 3 potions of flight
 w - a potion of mutation {unknown}
 D - 2 potions of haste
 E - a potion of magic {unknown}
 G - 2 potions of might {unknown}
Books
 a - a book of Conjurations

   Spells                             Type                      Level
   a - Magic Dart                     Conjuration                  1
   b - Searing Ray                    Conjuration                  2
   c - Dazzling Spray                 Conjuration/Hexes            3
   d - Fulminant Prism                Conjuration/Hexes            4
   e - Iskenderun's Mystic Blast      Conjuration                  4
   f - Iskenderun's Battlesphere      Conjuration/Charms           5
 n - a book of Changes

   Spells                             Type                      Level
   a - Beastly Appendage              Transmutation                1
   b - Sticks to Snakes               Transmutation                2
   c - Spider Form                    Transmutation/Poison         3
   d - Ice Form                       Ice/Transmutation            4
   e - Blade Hands                    Transmutation                5
Comestibles
 b - 7 bread rations
 l - 3 meat rations
 m - a royal jelly
 L - a chunk of flesh


   Skills:
 - Level 2.0 Dodging
 - Level 8.6 Stealth
 + Level 4.3 Spellcasting
 * Level 7.3 Conjurations
 + Level 1.2 Transmutations


You had 7 spell levels left.
You knew the following spells:

 Your Spells              Type           Power        Failure   Level  Hunger
a - Magic Dart            Conj           ####         1%          1    None
b - Searing Ray           Conj           ####..       1%          2    #......
c - Iskenderun's Mystic   Conj           ####....     10%         4    ####...
d - Beastly Appendage     Tmut           #.....       10%         1    None


Dungeon Overview and Level Annotations

Branches:
Dungeon (7/15)
 Temple: D:4-7

Altars:
Ru
Uskayaw
The Shining One

Annotations:
D:4 Pikel
D:6 Dowan, Duvessa
D:7 Menkaure


Innate Abilities, Weirdness & Mutations

You cannot wear most types of armour.
You are very stealthy in the water. (Stealth+)
You are amphibious.
You can wear up to eight rings at the same time.
You can use your tentacles to constrict eight enemies at once.
Your skin changes colour to match your surroundings (Stealth+).
Your rubbery body absorbs attacks. (AC +1, EV +1)


Message History

You are very lightly contaminated with residual magic.
You feel sick. The killer bee closely misses you.
You see here a spiked ring mail.
The killer bee stings you.
* * * LOW HITPOINT WARNING * * *
You can no longer pass through a line of other dancers.
You feel sick.
You feel better. The killer bee closely misses you.
Casting: Searing Ray
Confirm with . or Enter, or press ? or * to list all spells.
Aiming: Searing Ray
Press: ? - help, Shift-Dir - straight line, f/p - killer bee
Aim: a killer bee The searing ray hits the killer bee.
The killer bee is moderately wounded. (Press . to maintain the ray.)
The killer bee stings you!
* * * LOW HITPOINT WARNING * * *
The killer bee stings you.
You die...

################
#......).<.@y..#
######.############[#
#......# #.# #.######
#.# #.# #.# ### #†#
####.# #....##
##.##..##


You could see a killer bee.

Vanquished Creatures
  A slave (D:5)
  An ogre (D:5)
  2 centaurs
  A bullfrog (D:7)
  A killer bee (D:7)
  2 crimson imps
  2 hounds (D:6)
  7 orc wizards
  An orc priest (D:3)
  Jessica (D:3)
  An iguana (D:4)
  2 worker ants (D:6)
  A hound skeleton (D:4)
  A howler monkey skeleton (D:4)
  3 adders
  4 gnolls (D:3)
  2 river rats (D:6)
  An ooze (D:3)
  2 worms
  7 dart slugs
  5 leopard geckos
  19 orcs
  A ball python (D:3)
  10 bats
  5 giant cockroaches
  10 goblins
  4 hobgoblins
  11 jackals
  3 quokkas
  13 frilled lizards
  5 kobolds
  A leopard gecko skeleton (D:4)
  A quokka skeleton (D:5)
  26 rats
157 creatures vanquished.

Notes
Turn   | Place    | Note
-------+----------+-------------------------------------------
     0 | D:1      | krabocopter the Octopode Conjurer began the quest for the Orb.
     0 | D:1      | Reached XP level 1. HP: 11/11 MP: 3/3
    62 | D:1      | Reached skill level 3 in Stealth
   257 | D:1      | Reached XP level 2. HP: 17/17 MP: 0/5
   574 | D:1      | Found a glowing golden altar of the Shining One.
   607 | D:1      | Learned a level 2 spell: Searing Ray
   845 | D:2      | Reached XP level 3. HP: 21/21 MP: 0/6
   992 | D:2      | Reached skill level 4 in Stealth
  1522 | D:2      | Reached XP level 4. HP: 27/27 MP: 4/7
  1815 | D:3      | Noticed Jessica
  1820 | D:3      | Killed Jessica
  2086 | D:3      | Reached XP level 5. HP: 31/31 MP: 6/9
  2089 | D:3      | Reached skill level 5 in Stealth
  2273 | D:3      | Reached skill level 5 in Conjurations
  2548 | D:3      | Reached skill level 6 in Stealth
  2548 | D:3      | Reached XP level 6. HP: 34/36 MP: 4/10
  3699 | D:4      | Reached XP level 7. HP: 36/41 MP: 6/12
  3868 | D:4      | Reached skill level 7 in Stealth
  4000 | D:4      | Learned a level 4 spell: Iskenderun's Mystic Blast
  4002 | D:4      | Learned a level 1 spell: Beastly Appendage
  4105 | D:5      | Entered Level 5 of the Dungeon
  4595 | D:4      | Noticed Pikel
  4967 | D:6      | Reached skill level 8 in Stealth
  5326 | D:6      | Reached XP level 8. HP: 30/46 MP: 4/14
  5400 | D:6      | Noticed a hand axe
  5401 | D:6      | Noticed a hand axe
  5446 | D:6      | Found a hide-covered altar of Uskayaw.
  5475 | D:6      | Became a worshipper of Uskayaw the Reveler
  5496 | D:6      | Noticed Duvessa
  5497 | D:6      | Noticed Dowan
  5497 | D:6      | Reached * piety under Uskayaw
  5511 | D:7      | Reached ** piety under Uskayaw
  5513 | D:7      | Reached skill level 1 in Transmutations
  5763 | D:7      | Found a sacrificial altar of Ru.
  5771 | D:7      | Noticed Menkaure
  5791 | D:7      | Slain by a killer bee

Vault maps used:
D:1:      dpeg_arrival_pond, tso_metal_star
D:2:      mrwooster_statue_mirror
D:3:      serial_co_window_serial, co_window_paths_b, co_window_paths_a,
          co_window_corner_a, co_window_corner_a, co_window_paths_b,
          co_window_2corner, co_window_broadway_c, co_window_of_opportunity_c,
          co_window_broadway_a, glass_columns_a, glass_columns_a,
          glass_columns_b, minmay_misc_feat_columns, minmay_rat_hole,
          uniq_crazy_yiuf_cottage, uniq_jessica
D:4:      first_bread, kennysheep_decorative_pillar, uniq_pikel
D:5:      lemuel_upstairs_altar
D:6:      lemuel_ratsnest, dancing_weapons_uskayaw,
          minmay_temple_entry_steel_oval, uniq_edmund, uniq_duvessa
D:7:      kb_forest_paths, lemuel_round_altar, uniq_menkaure

Skill      XL: |  1  2  3  4  5  6  7  8 |
---------------+-------------------------+-----
Stealth        | 3 4 6 8 |  8.6
Conjurations   | 5 6 7 |  7.3
Spellcasting   | 3 4 |  4.3
Transmutations | 1 |  1.2
Dodging        | |  2.0

Action                   |  1- 3 |  4- 6 |  7- 9 || total
-------------------------+-------+-------+-------++-------
Melee: Unarmed           |     3 |       |       ||     3
       Constrict         |     7 |    12 |     7 ||    26
       Tentacles         |     6 |    11 |     4 ||    21
       Short sword       |    12 |     8 |       ||    20
       Club              |       |    46 |    31 ||    77
       Dagger            |       |     6 |     4 ||    10
 Fire: Shortbow          |       |       |     1 ||     1
Throw: Stone             |    13 |     4 |     2 ||    19
 Cast: Magic Dart        |    65 |    83 |    55 ||   203
       Searing Ray       |       |    14 |    19 ||    33
       Iskenderun's Myst |       |       |     2 ||     2
  Use: Scroll            |     1 |     6 |     6 ||    13
       Potion            |       |       |     4 ||     4
 Stab: Sleeping          |       |     3 |       ||     3
  Eat: Chunk             |     2 |     8 |     7 ||    17
Armor: Skin              |     4 |     7 |     2 ||    13
Dodge: Dodged            |    17 |    61 |    73 ||   151
